 Dungeon Crawl Stone Soup version 0.19.4 (webtiles) character file.

189 JeffiDaFish the Stinger (level 5, -5/36 HPs)
             Began as a Demonspawn Venom Mage on Jan 31, 2017.
             Slain by Aenea's ghost (7 damage)
             ... on level 4 of the Dungeon.
             The game lasted 00:14:58 (3078 turns).

JeffiDaFish the Stinger (Demonspawn Venom Mage)     Turns: 3078, Time: 00:14:59

Health: -5/36      AC:  7    Str:  8      XL:     5   Next: 40%
Magic:  8/8        EV: 15    Int: 17      God:
Gold:   157        SH:  0    Dex: 19 (20) Spells: 2 memorised, 4 levels left

rFire  . . .     SeeInvis .     h - +0 mace
rCold  . . .     Gourm    +     a - +0 robe
rNeg   . . .     Faith    .     (no shield)
rPois  .         Spirit   .     (helmet restricted)
rElec  .         Reflect  .     e - +1 cloak (curse)
rCorr  .         Harm     .     k - +0 pair of gloves
MR     .....                    (no boots)
Stlth  ++........               s - amulet of the gourmand
                                d - +6 ring of dexterity
                                f - +2 ring of evasion

@: very slightly contaminated, hasted, very quick
A: antennae 1, icy blue scales 1
a: no special abilities


You were on level 4 of the Dungeon.
You were not hungry.

You visited 1 branch of the dungeon, and saw 4 of its levels.

You collected 157 gold pieces.

Inventory:

Hand Weapons
 h - a +0 mace (weapon)
Armour
 a - a +0 robe (worn)
 e - a cursed +1 cloak (worn)
 k - a +0 pair of gloves (worn)
Jewellery
 d - a +6 ring of dexterity (right hand)
 f - a +2 ring of evasion (left hand)
 j - an uncursed ring of flight
 n - an uncursed ring of resist corrosion
 s - an amulet of the gourmand (around neck)
Scrolls
 l - a scroll of immolation
 m - a scroll of blinking
 r - a scroll of remove curse
Books
 b - a Young Poisoner's Handbook

   Spells                             Type                      Level
   a - Sting                          Conjuration/Poison           1
   b - Mephitic Cloud                 Conjuration/Poison/Air       3
   c - Olgreb's Toxic Radiance        Poison                       4
   d - Alistair's Intoxication        Transmutation/Poison         5
   e - Venom Bolt                     Conjuration/Poison           5
Comestibles
 c - a bread ration
 g - 2 fruits
 i - 2 meat rations
 o - a chunk of flesh


   Skills:
 + Level 0.4 Fighting
   Level 0.1 Short Blades
 + Level 0.8 Maces & Flails
 + Level 2.2 Dodging
 + Level 2.5 Stealth
 * Level 2.4 Spellcasting
 + Level 2.0 Conjurations
 + Level 0.6 Air Magic
 * Level 5.1 Poison Magic


You had 4 spell levels left.
You knew the following spells:

 Your Spells              Type           Power        Failure   Level  Hunger
a - Sting                 Conj/Pois      ##..         4%          1    #......
b - Mephitic Cloud        Conj/Pois/Air  ##......     21%         3    ###....


Dungeon Overview and Level Annotations

Branches:
Dungeon (4/15)
 Temple: D:4-7

Altars:
Uskayaw
Zin

Annotations:
D:4 Aenea's ghost, novice TeBe


Innate Abilities, Weirdness & Mutations

You have a pair of small antennae on your head.
You are partially covered in icy blue scales. (AC +2)


Message History

You remove your ring of flight.
f - a +2 ring of evasion (left hand)
You start resting.
Eating one of 2 chunks of flesh.
You start eating one of the 2 chunks of flesh.
This raw flesh tastes terrible.
You hear the slow rusting of a very distant drain.
You start resting.
Aenea's ghost (novice Tengu Berserker) opens the door.
Aenea's ghost turns its malevolent gaze towards you.
Okay, then.
You barely miss Aenea's ghost. Aenea's ghost barely misses you.
You barely miss Aenea's ghost. Aenea's ghost hits you!
You barely miss Aenea's ghost. Aenea's ghost misses you.
Aenea's ghost hits you!
* * * LOW HITPOINT WARNING * * *
You feel yourself speed up. Aenea's ghost hits you.
* * * LOW HITPOINT WARNING * * *
You are very lightly contaminated with residual magic.
Aenea's ghost hits you!
You die...

##....#. #......#
#......# .. ......#...
##############.....#...
#.....##....##.........
#.................PP...
#.....@...........♣♣.P.
#....W.............♣♣..
#...........##......♣..
#...........##......♣.P
##'#####)...##.........
#. #######.....>... ..
.............. ...
.............. ...
..............


You could see Aenea's ghost.

Vanquished Creatures
  Ijyb (D:2)
  2 worker ants (D:4)
  4 adders
  A shadow imp (D:3)
  3 worms
  2 dart slugs (D:1)
  2 leopard geckos (D:2)
  2 giant cockroaches
  8 hobgoblins
  7 jackals
  6 bats
  2 frilled lizards
  8 goblins
  4 kobolds
  8 rats
60 creatures vanquished.

Notes
Turn   | Place    | Note
-------+----------+-------------------------------------------
     0 | D:1      | JeffiDaFish the Demonspawn Venom Mage began the quest for the Orb.
     0 | D:1      | Reached XP level 1. HP: 13/13 MP: 3/3
   136 | D:1      | Gained mutation: You are partially covered in icy blue scales. (AC +2) [demonic ancestry]
   136 | D:1      | Reached XP level 2. HP: 18/19 MP: 0/5
   522 | D:1      | Reached XP level 3. HP: 24/24 MP: 3/6
   542 | D:1      | Reached skill level 1 in Conjurations
  1411 | D:2      | Reached XP level 4. HP: 21/31 MP: 3/7
  1664 | D:2      | Noticed Ijyb
  1671 | D:2      | Learned a level 3 spell: Mephitic Cloud
  1705 | D:2      | Killed Ijyb
  1818 | D:2      | Found a glowing silver altar of Zin.
  2014 | D:3      | Found a hide-covered altar of Uskayaw.
  2032 | D:3      | Noticed a dagger
  2032 | D:3      | Noticed a hand axe
  2301 | D:3      | Reached skill level 5 in Poison Magic
  2552 | D:3      | Gained mutation: You have a pair of small antennae on your head. [demonic ancestry]
  2552 | D:3      | Reached XP level 5. HP: 36/36 MP: 4/8
  3069 | D:4      | Noticed Aenea's ghost (novice TeBe)
  3078 | D:4      | Slain by Aenea's ghost

Skill      XL: |  1  2  3  4  5 |
---------------+----------------+-----
Stealth        | 2 |  2.5
Conjurations   | 1 2 |  2.0
Dodging        | 2 |  2.2
Poison Magic   | 5 |  5.1
Fighting       | |  0.4
Short Blades   | |  0.1
Maces & Flails | |  0.8
Spellcasting   | |  2.4
Air Magic      | |  0.6

Action                   |  1- 3 |  4- 6 || total
-------------------------+-------+-------++-------
Melee: Short sword       |    10 |       ||    10
       Mace              |    52 |    76 ||   128
 Cast: Sting             |    55 |    26 ||    81
       Mephitic Cloud    |       |     3 ||     3
  Use: Scroll            |     3 |     4 ||     7
       Potion            |     6 |     2 ||     8
  Eat: Chunk             |     3 |     6 ||     9
Armor: Robe              |    23 |    28 ||    51
Dodge: Dodged            |    57 |    58 ||   115
